 Dungeon Crawl Stone Soup version 0.27-a0-1565-gad902ab807 (webtiles) character file.

Game seed: 12003890883851830732

685 bande the Shield-Bearer (level 7, 0/44 HPs)
             Began as a Gargoyle Fighter on July 16, 2021.
             Was a Believer of Okawaru.
             Slain by Duvessa (3 damage)
             ... on level 5 of the Dungeon on July 17, 2021.
             The game lasted 00:07:39 (3188 turns).

bande the Shield-Bearer (Gargoyle Fighter)          Turns: 3188, Time: 00:07:39

Health: 0/44       AC: 17    Str: 21    XL:     7   Next: 62%
Magic:  9/9        EV:  6    Int:  8    God:    Okawaru [**....]
Gold:   159        SH: 10    Dex: 10    Spells: 6/6 levels left

rFire    x . .     SeeInvis +   i - +10 demon trident "Cuilyirr" {pain, rElec rF- SInv}
rCold    . . .     Faith    +   c - +0 kite shield
rNeg     + . .     Spirit   .   x - +0 chain mail
rPois    ∞         Reflect  .   (no helmet)
rElec    +         Harm     .   (no cloak)
rCorr    .         Rampage  .   (no gloves)
Will     .....                  k - +2 pair of boots {Stlth+}
Stlth    ..........             f - amulet of faith
HPRegen  0.14/turn              (no ring)
MPRegen  0.11/turn              (no ring)

@: no status effects
A: sickness immunity, AC +4, negative energy resistance 1, electricity
resistance, torment resistance 1, petrification resistance
a: Renounce Religion, Heroism


You were on level 5 of the Dungeon.
You worshipped Okawaru.
Okawaru was pleased with you.
You visited 1 branch of the dungeon, and saw 5 of its levels.

You collected 159 gold pieces.

Inventory:

Hand Weapons
 a - a +0 war axe
 i - the +10 demon trident "Cuilyirr" (weapon) {pain, rElec rF- SInv}
   (You acquired it on level 3 of the Dungeon)

   In the hands of one skilled in necromantic magic, it inflicts extra damage on
   living creatures.
   rF:        It makes you vulnerable to fire.
   rElec:     It insulates you from electricity.
   SInv:      It lets you see invisible.
 y - a +0 flail
Missiles
 s - 2 boomerangs of dispersal (quivered)
Armour
 c - a +0 kite shield (worn)
 k - a +2 pair of boots of stealth (worn)
 x - a +0 chain mail (worn)
Jewellery
 f - an amulet of faith (around neck)
 n - an amulet of regeneration
Wands
 t - a wand of acid (1)
Scrolls
 h - a scroll of blinking
 o - a scroll of fog {unknown}
 p - a scroll of identify
 q - a scroll of vulnerability {unknown}
 r - a scroll of enchant weapon {unknown}
 u - a scroll of teleportation {unknown}
 w - a scroll of amnesia {unknown}
Potions
 d - 2 potions of might
 e - a potion of haste
 g - a potion of brilliance
 j - a potion of flight
 l - a potion of curing {unknown}
 m - a potion of degeneration {unknown}
 v - a potion of heal wounds {unknown}


   Skills:
 + Level 4.8 Fighting
 + Level 3.3 Axes
 + Level 4.7 Armour
 + Level 1.7 Dodging
 + Level 5.4 Shields
 * Level 3.5 Invocations


You had 6 spell levels left.
You didn't know any spells.
Your spell library contained the following spells:

 Spells                   Type           Power      Damage    Failure   Level
 Animate Skeleton         Necr           0%         N/A       100%        1
 Pain                     Necr           0%         1d4       100%        1
 Corpse Rot               Necr/Air       N/A        N/A       100%        2
 Tukima's Dance           Hex            0%         N/A       100%        3
 Vampiric Draining        Necr           0%         2d6       100%        3
 Dispel Undead            Necr           0%         3d6       100%        4
 Passage of Golubria      Tloc           N/A        N/A       100%        4
 Yara's Violent Unravell  Hex/Tmut       0%         3d3       100%        5
 Death Channel            Necr           0%         N/A       100%        6


Dungeon Overview and Level Annotations

Branches:
Dungeon (5/15)             Temple (0/1) D:5

Altars:
Hepliaklqana
Okawaru
Trog

Annotations:
D:5 Duvessa


Innate Abilities, Weirdness & Mutations

You are immune to sickness and miasma.
Your stone body is resilient. (AC +4)
You are immune to poison.
You resist negative energy. (rN+)
You are resistant to electric shocks. (rElec)
You are resistant to unholy torment.
You are immune to petrification.


Message History

You are too injured to fight recklessly!
You are too injured to fight recklessly!
You are too injured to fight recklessly!
You are too injured to fight recklessly!
You are too injured to fight recklessly!
Unknown command.
You are too injured to fight recklessly!
You are too injured to fight recklessly!
You are too injured to fight recklessly!
You are too injured to fight recklessly!
You are too injured to fight recklessly!
You are too injured to fight recklessly!
You are too injured to fight recklessly!
You are too injured to fight recklessly!
You are too injured to fight recklessly!
You puncture Duvessa!
Duvessa is moderately wounded.
You block Duvessa's attack. x2
You barely miss Duvessa.
Duvessa is moderately wounded.
Duvessa hits you with a +0 short sword!
* * * LOW HITPOINT WARNING * * *
Duvessa hits you with a +0 short sword!
* * * LOW HITPOINT WARNING * * *
You hit Duvessa.
Duvessa is moderately wounded.
You block Duvessa's attack. x2
You closely miss Duvessa.
Duvessa is moderately wounded.
Duvessa hits you but does no damage. Duvessa barely misses you.
You hit Duvessa.
Duvessa is moderately wounded.
Duvessa closely misses you. Duvessa hits you but does no damage.
You closely miss Duvessa.
Duvessa is moderately wounded.
You block Duvessa's attack. x2
You puncture Duvessa!
Duvessa is heavily wounded.
Duvessa hits you with a +0 short sword.
You die...

#.#.#.# #.#####.#
#.#.#.# #.# #..
##.#.#.####.#####..
####....#.............
......$.##............
#...##...#####.#>..
##...........##<##..
##...###...##.## ##..
#..:@.###.## .##.##..
.......)e.##.#
........
####.....###.#
###.##.. ##...## #.#
#.. ##.## #.# #.. #.
.# # #.. #. ####.##.#
#. ........# ####.##.#


You could see Duvessa (berserk).

Vanquished Creatures
  A black bear (D:5)
  A necrophage (D:4)
  An ogre (D:5)
  A phantom (D:4)
  A scorpion (D:4)
  Dowan (D:5)
  A hound (D:5)
  A jelly (D:5)
  An iguana (D:4)
  A hound zombie (D:5)
  2 hound skeletons (D:4)
  3 adders
  An ufetubus (D:4)
  An adder skeleton (D:4)
  2 worms
  2 dart slugs
  7 orcs
  5 endoplasms
  8 giant cockroaches
  4 goblins
  8 hobgoblins
  2 quokkas (D:1)
  5 ball pythons
  8 bats
  3 frilled lizards
  4 kobolds
  4 rats
79 creatures vanquished.

Vanquished Creatures (others)
  2 plants (D:5)
2 creatures vanquished.

Grand Total: 81 creatures vanquished

Notes
Turn   | Place    | Note
-------+----------+-------------------------------------------
     0 | D:1      | bande the Gargoyle Fighter began the quest for the Orb.
     0 | D:1      | Reached XP level 1. HP: 14/14 MP: 1/1
   332 | D:1      | Found a faded altar of an unknown god.
   468 | D:1      | Reached XP level 2. HP: 19/19 MP: 2/2
   528 | D:2      | Found an iron altar of Okawaru.
   534 | D:2      | Became a worshipper of Warmaster Okawaru
   988 | D:2      | Reached XP level 3. HP: 19/23 MP: 3/3
  1408 | D:3      | Identified a scroll of acquirement
  1408 | D:3      | Acquired the +10 demon trident "Cuilyirr" {pain, rElec rF-
                  | SInv}
  1535 | D:3      | Found a hazy altar of Hepliaklqana.
  1642 | D:3      | Reached skill level 4 in Shields
  1642 | D:3      | Acquired a +2 pair of boots of stealth
  1655 | D:3      | Reached skill level 1 in Invocations
  1673 | D:3      | Reached XP level 4. HP: 28/28 MP: 4/4
  2345 | D:4      | Reached XP level 5. HP: 33/33 MP: 6/6
  2347 | D:4      | Found a bloodstained altar of Trog.
  2485 | D:4      | Reached skill level 1 in Dodging
  2594 | D:4      | Noticed a phantom
  2598 | D:4      | Killed a phantom
  2598 | D:4      | Reached * piety under Okawaru
  2599 | D:4      | Reached XP level 6. HP: 35/38 MP: 7/7
  2784 | D:4      | Noticed a necrophage
  2787 | D:4      | Killed a necrophage
  2788 | D:4      | Reached skill level 5 in Shields
  2971 | D:5      | Entered Level 5 of the Dungeon
  3008 | D:5      | Noticed a black bear
  3010 | D:5      | Killed a black bear
  3010 | D:5      | Reached ** piety under Okawaru
  3011 | D:5      | Reached XP level 7. HP: 44/44 MP: 9/9
  3063 | D:5      | Found a staircase to the Ecumenical Temple.
  3174 | D:5      | Noticed Dowan
  3175 | D:5      | Noticed Duvessa
  3181 | D:5      | Killed Dowan
  3183 | D:5      | HP: 2/44 [Duvessa (7)]
  3188 | D:5      | Slain by Duvessa

Illustrated notes

Levels and vault maps discovered:
D:1:      sevenhm_arrival_forest_fort_large_3, layout_basic,
          ebering_ecumenical_altar_webs
D:2:      layout_basic, basic_altar, hex_large
D:3:      layout_basic, mainiacjoe_overflow_boulevard,
          kennysheep_generic_room_14
D:4:      layout_loops_ring, lemuel_tele_altar
D:5:      layout_loops_ring, minmay_temple_entry_overgrown, grunt_ministairs_15,
          uniq_duvessa, uniq_prince_ribbit1, uniq_menkaure

Skill      XL: |  1  2  3  4  5  6 |
---------------+-------------------+-----
Axes           | 2 3 |  3.3
Shields        | 4 5 |  5.4
Invocations    | 1 2 3 |  3.5
Dodging        | 1 |  1.7
Fighting       | 4 |  4.8
Armour         | 4 |  4.7

Action                   |  1- 3 |  4- 6 |  7- 9 || total
-------------------------+-------+-------+-------++-------
Melee: War axe           |    73 |       |       ||    73
       Demon trident     |    19 |    78 |    32 ||   129
  Use: Scroll            |     6 |     1 |       ||     7
 Stab: Sleeping          |       |     1 |       ||     1
Armor: Scale mail        |    57 |    24 |     4 ||    85
       Chain mail        |       |       |     6 ||     6
Dodge: Dodged            |    33 |    14 |     8 ||    55
Block: Kite shield       |    57 |    32 |    16 ||   105

Table legend: (Time is in decaauts)
 A = Elapsed time spent in this place.
 B = Non-inter-level travel time spent in this place.
 C = Inter-level travel time spent in this place.
 D = Time resting spent in this place.
 E = Time spent auto-exploring this place.
 F = Levels seen in this place.
 G = Mean time per level.
                   A        B        C        D        E       F      G
               +--------+--------+--------+--------+--------+-----+--------+
         Total |   3291 |   3257 |     34 |      0 |   2501 |   5 |  658.2 |
       Dungeon |   3291 |   3257 |     34 |      0 |   2501 |   5 |  658.2 |
               +--------+--------+--------+--------+--------+-----+--------+

Top non-repeatable levels by time:
     D:2: 912 daAuts
     D:3: 895 daAuts
     D:4: 714 daAuts
     D:1: 538 daAuts
     D:5: 230 daAuts
